cohdb
Replays
Latest Replays
All Replays
Popular Replays
Top Player Replays
Match Explorer
How It Works
Community
CoH3 Stats
Reddit
Sign in to upload your games and track your stats! →
Sign in with Steam
Match 43209631
Unlisted
Match 43209631
Overview
Messages
Build Orders
End
Royal Engineer Section
Construct Section Command Post
Dingo Light Scout Car
Infantry Section
ML 3-inch Mortar Team
Infantry Section
Construct Platoon Command Post
Selects Canadian Shock Battlegroup
Selects Attacking Spirit
Selects Canadian Shock Section
Selects Incendiary Munitions
Grenade Package
Infantry Section
Humber Armored Car
Royal Engineer Section
Selects Pyrotechnics
Infantry Section
6-pounder Anti-tank Gun Team
Construct Company Command Post
BIOHAZARD
Sauzer88
Seby0505
犀利哥0577
Starfucker
Spokesman of Insanity
0
0
Comments
sign in to comment!
No comments posted yet!